 Dungeon Crawl Stone Soup version 0.23.0 (webtiles) character file.

Game seed: 8399592532060872402

6500 Borgoz the Covert (level 11, -11/95 HPs)
             Began as a Ghoul Monk on Feb 17, 2019.
             Was a Priest of Dithmenos.
             Mangled by a white ugly thing (14 damage)
             ... on level 9 of the Dungeon.
             The game lasted 00:19:18 (9667 turns).

Borgoz the Covert (Ghoul Monk)                      Turns: 9667, Time: 00:19:18

Health: -11/95     AC:  7    Str: 16    XL:     11   Next: 0%
Magic:  19/19      EV: 14    Int:  7    God:    Dithmenos [***...]
Gold:   598        SH:  0    Dex: 12    Spells: 10/10 levels left

rFire    . . .     SeeInvis .     - Unarmed
rCold    + . .     Gourm    .   (no shield)
rNeg     + + +     Faith    .   e - +1 ring mail
rPois    ∞         Spirit   .   (no helmet)
rElec    .         Reflect  .   (no cloak)
rCorr    .         Harm     .   (no gloves)
MR       .....                  (no boots)
Stlth    +++++.....             o - amulet of the acrobat
HPRegen  0.00/turn              (no ring)
MPRegen  0.16/turn              m - ring of magical power

@: rotting, wreathed by umbra
A: rotting body, claws 1, carnivore, cold resistance 1, negative energy
resistance 3, inhibited regeneration, torment resistance, unbreathing
a: Shadow Step, Renounce Religion


You were on level 9 of the Dungeon.
You worshipped Dithmenos.
Dithmenos was most pleased with you.
You were not hungry.

You visited 2 branches of the dungeon, and saw 10 of its levels.

You collected 598 gold pieces.

Inventory:

Hand Weapons
 b - a +0 blowgun
Missiles
 d - 124 poisoned needles
 v - 2 throwing nets (quivered)
Armour
 e - a +1 ring mail (worn)
 B - the cursed +0 ring mail of Qakipt {Dex+3 Slay+2, unknown}
   (You found it on level 9 of the Dungeon)

   It affects your dexterity (+3).
   It affects your accuracy and damage with ranged weapons and melee attacks
   (+2).
   It has a curse placed upon it.
Jewellery
 m - a ring of magical power (right claw)
 o - an amulet of the acrobat (around neck)
Wands
 q - a wand of flame (15)
 w - a wand of acid (18)
Scrolls
 g - a scroll of noise {unknown}
 i - a scroll of magic mapping
 k - 2 scrolls of enchant weapon
 l - 3 scrolls of teleportation
 r - 2 scrolls of remove curse
 t - a scroll of random uselessness {unknown}
 x - 2 scrolls of fog
 y - a scroll of enchant armour
Potions
 a - a potion of ambrosia
 c - 2 potions of agility
 f - 3 potions of haste
 j - 6 potions of curing
 n - a potion of might {unknown}
 p - a potion of magic
 u - a potion of heal wounds
 z - a potion of invisibility {unknown}
 A - a potion of flight {unknown}
Comestibles
 h - 15 rations
 s - 6 chunks of flesh


   Skills:
 + Level 8.7 Fighting
 + Level 6.5 Armour
 + Level 7.2 Dodging
 + Level 9.1 Stealth
 + Level 8.7 Unarmed Combat


You had 10 spell levels left.
You didn't know any spells.
Your spell library contained the following spells:

 Spells                   Type           Power        Failure   Level  Hunger
 Sandblast                Erth           #.....       63%         1    ##.....
 Passwall                 Tmut/Erth      #.......     77%         2    ###....
 Stone Arrow              Conj/Erth      #.....       94%         3    ####...
 Petrify                  Tmut/Erth      #.......     100%        4    #####..
 Lee's Rapid Deconstruct  Erth           #.........   100%        5    ######.


Dungeon Overview and Level Annotations

Branches:
Dungeon (9/15)             Temple (1/1) D:7             Orc (0/2) D:9
   Lair: D:8-11

Altars:
Ashenzari
Cheibriados
Dithmenos
Elyvilon
Fedhas
Gozag
Hepliaklqana
Kikubaaqudgha
Makhleb
Nemelex Xobeh
Okawaru
Qazlal
Ru
Sif Muna
Trog
Uskayaw
Vehumet
Wu Jian
Xom
Yredelemnul
Zin
The Shining One

Annotations:
D:6 2 transporters, MalarOregon's ghost, novice MfSu


Innate Abilities, Weirdness & Mutations

Your body is rotting away.
You thrive on raw meat.
You are immune to poison.
You have sharp fingernails.
You are carnivorous and can eat meat at any time.
Your flesh is cold resistant. (rC+)
You are immune to negative energy. (rN+++)
You do not regenerate when monsters are visible.
You are immune to unholy pain and torment.
You can survive without breathing.


Message History

You claw the white ugly thing! Your claw misses the white ugly thing.
The white ugly thing is severely wounded.
The white ugly thing punches you. The white ugly thing freezes you! You resist.
You scratch the white ugly thing.
The white ugly thing is severely wounded.
The white ugly thing misses you.
You scratch the white ugly thing.
The white ugly thing is almost dead.
The white ugly thing punches you.
* * * LOW HITPOINT WARNING * * *
The white ugly thing freezes you! You resist.
* * * LOW HITPOINT WARNING * * *
You claw the white ugly thing!
The white ugly thing is almost dead.
You closely miss the white ugly thing.
The white ugly thing is almost dead.
The white ugly thing punches you!
* * * LOW HITPOINT WARNING * * *
The white ugly thing freezes you! You resist.
You die...

.# ..# ..#.# ## ....# .# #.#.#
.# #.#.#########+# .#
##.#...........###.#.#
....#########....u.#.#
##..#.........##@#.#.# #
##..#.##........##...# .#
##..#[.....#...##..#.###.##
#...<.........##..###.%....
...#.>....##[##..##.##.##
...'........##..##...##.##
.#.#.......##..##..#..##.## ##
...#......##..##..###).##.#..#
#..#####.##..##..##}##..##.#.#


You could see a white ugly thing.

Vanquished Creatures
  A tengu warrior (D:9)
  A cyclops (D:9)
  A queen bee (D:8)
  Grinder (D:5)
  Prince Ribbit (D:5)
  A wyvern (D:8)
  A steam dragon (D:9)
  2 orc warriors
  6 ice beasts
  2 phantoms
  2 sky beasts
  6 ogres
  A black bear (D:6)
  4 centaurs
  3 big kobolds
  5 bullfrogs
  A gnoll sergeant (D:6)
  2 scorpions (D:8)
  A water moccasin skeleton (D:8)
  17 killer bees
  2 howler monkeys
  4 crimson imps
  3 hounds
  3 quasits
  A bullfrog zombie (D:6)
  A jelly (D:8)
  3 bullfrog skeletons
  3 orc priests
  A centaur skeleton (D:6)
  Jessica (D:2)
  2 orc wizards
  3 worker ants
  A hound zombie (D:6)
  2 howler monkey zombies
  A worker ant zombie (D:6)
  13 adders
  7 gnolls
  A howler monkey skeleton (D:9)
  2 shadow imps
  2 adder skeletons
  3 worms
  A dart slug (D:5)
  2 leopard geckos
  17 orcs
  10 giant cockroaches
  11 goblins
  6 hobgoblins
  3 jackals (D:1)
  2 quokkas
  8 bats
  6 frilled lizards
  A giant cockroach zombie (D:6)
  A jackal zombie (D:5)
  35 kobolds
  7 rats
  A plant (D:4)
229 creatures vanquished.

Vanquished Creatures (others)
  A plant (D:4)
1 creature vanquished.

Grand Total: 230 creatures vanquished

Notes
Turn   | Place    | Note
-------+----------+-------------------------------------------
     0 | D:1      | Borgoz the Ghoul Monk began the quest for the Orb.
     0 | D:1      | Reached XP level 1. HP: 19/19 MP: 0/0
   246 | D:1      | Reached XP level 2. HP: 26/26 MP: 1/1
   893 | D:2      | Noticed Jessica
   901 | D:2      | Killed Jessica
   901 | D:2      | Reached skill level 1 in Armour
   901 | D:2      | Reached XP level 3. HP: 26/33 MP: 2/2
   989 | D:2      | Reached XP level 4. HP: 36/40 MP: 3/3
  1014 | D:2      | Reached skill level 3 in Stealth
  1789 | D:3      | Reached XP level 5. HP: 43/44 MP: 4/4
  2421 | D:4      | Found a glowing golden altar of the Shining One.
  2447 | D:4      | Reached XP level 6. HP: 38/52 MP: 5/5
  2744 | D:4      | Reached skill level 4 in Stealth
  3056 | D:4      | Reached XP level 7. HP: 15/60 MP: 6/6
  3273 | D:5      | Entered Level 5 of the Dungeon
  3339 | D:5      | Noticed Grinder
  3348 | D:5      | Paralysed by Grinder for 4 turns
  3356 | D:5      | Paralysed by Grinder for 4 turns
  3372 | D:5      | Killed Grinder
  3372 | D:5      | Reached skill level 5 in Fighting
  3372 | D:5      | Reached skill level 5 in Unarmed Combat
  3834 | D:5      | Noticed Prince Ribbit
  3855 | D:5      | Killed Prince Ribbit
  3855 | D:5      | Reached skill level 5 in Stealth
  3855 | D:5      | Reached XP level 8. HP: 69/69 MP: 7/7
  3902 | D:5      | Found a shimmering altar of Xom.
  3903 | D:5      | Found a shimmering altar of Xom.
  4413 | D:6      | Reached skill level 5 in Dodging
  4464 | D:6      | Reached skill level 6 in Stealth
  4954 | D:6      | Reached XP level 9. HP: 60/77 MP: 8/8
  5002 | D:6      | Found a transporter.
  5092 | D:6      | Found a transporter.
  5127 | D:6      | Noticed MalarOregon's ghost (novice MfSu)
  5444 | D:6      | Found a burning altar of Makhleb.
  5769 | D:7      | Reached skill level 7 in Stealth
  5824 | D:7      | Found a staircase to the Ecumenical Temple.
  5894 | Temple   | Entered the Ecumenical Temple
  6086 | Temple   | Became a worshipper of Dithmenos the Shadowed
  6086 | Temple   | Reached * piety under Dithmenos
  6086 | Temple   | Reached ** piety under Dithmenos
  6206 | D:7      | Reached skill level 5 in Armour
  7135 | D:8      | Reached XP level 10. HP: 21/85 MP: 9/9
  7378 | D:9      | Found a staircase to the Orcish Mines.
  7378 | D:9      | Noticed a cyclops
  7408 | D:9      | Reached skill level 8 in Stealth
  7948 | D:8      | Reached *** piety under Dithmenos
  8130 | D:8      | Found an opulent altar of Gozag.
  8243 | D:8      | Found a shadowy altar of Dithmenos.
  9293 | D:9      | Found a shattered altar of Ashenzari.
  9293 | D:9      | Found a shimmering altar of Xom.
  9315 | D:9      | Noticed a white ugly thing
  9338 | D:9      | Found the +7 Kryia's mail coat {PotionHeal*2 rC+}
  9341 | D:9      | Noticed a tengu warrior
  9390 | D:9      | Killed a tengu warrior
  9402 | D:9      | Reached skill level 9 in Stealth
  9610 | D:9      | Got a faintly glowing ring mail
  9656 | D:9      | Killed a cyclops
  9656 | D:9      | Reached XP level 11. HP: 66/95 MP: 10/10
  9667 | D:9      | HP: 3/95 [white ugly thing (8)]
  9667 | D:9      | Mangled by a white ugly thing

Skill      XL: |  1  2  3  4  5  6  7  8  9 10 |
---------------+-------------------------------+-----
Armour         | 1 2 3 4 5 6 |  6.5
Dodging        | 3 4 5 6 7 |  7.2
Stealth        | 3 4 5 6 7 9 |  9.1
Fighting       | 4 5 6 7 8 |  8.7
Unarmed Combat | 4 5 6 7 8 |  8.7

Action                   |  1- 3 |  4- 6 |  7- 9 | 10-12 || total
-------------------------+-------+-------+-------+-------++-------
Melee: Unarmed           |    73 |   343 |   385 |   322 ||  1123
       Punch             |       |     4 |    10 |    10 ||    24
Evoke: Wand              |       |       |     6 |       ||     6
  Use: Scroll            |       |    10 |     6 |     2 ||    18
       Potion            |       |     2 |     3 |     1 ||     6
 Stab: Sleeping          |     2 |     2 |    11 |     5 ||    20
       Distracted        |     1 |       |       |       ||     1
  Eat: Chunk             |     1 |    24 |    23 |    34 ||    82
Armor: Ring mail         |    30 |   119 |   111 |    57 ||   317
       Robe              |     1 |       |       |       ||     1
Dodge: Dodged            |    60 |   204 |   236 |   243 ||   743
